[Event "Wednesday Jan 31 Engine Tour 9 Rd Swiss 12m+1s Starts at 1600hrs ST"]
[Site "Infinity Chess"]
[Date "2018.1.31"]
[Round "1"]
[White "KhalidOmar"]
[Black "Time_bandit"]
[Result "1-0"]
[ECO "C55"]
[WhiteElo "2418"]
[BlackElo "2498"]
[WhiteEngine "Eman 1.69 64-bit BMI2"]
[BlackEngine "asmfish-popcnt-012018-W"]
[EventType "Swiss"]
[WhiteTeam ""]
[BlackTeam ""]
[PlyCount "75"]
[TimeControl "720+1"]

1. e4 e5 2. Nf3 Nc6 3. Bc4 Nf6 4. d3 Bc5 5. O-O d6 6. c3 a5 7. Bb3 O-O 8. Bg5 h6 
9. Bh4 g5 10. Bg3 g4 11. Nh4 Nh5 12. Kh1 Qg5 13. a4 Be6 14. Nd2 Ne7 15. Nc4 Bd7 
16. d4 exd4 17. cxd4 Ba7 18. f4 gxf3 19. Be1 fxg2+ 20. Nxg2 Qg4 21. Qd3 Qh3 
22. Rf3 Qg4 23. Bc3 b5 24. axb5 Bxb5 25. Rg1 Kh7 26. Ne1 Qd7 27. e5+ Ng6 
28. Bc2 Rg8 29. exd6 Raf8 30. Ne5 Bxd3 31. Nxd7 Bxc2 32. Nxc2 cxd6 
33. Nxf8+ Rxf8 34. Rgf1 Nhf4 35. Bxa5 Nd5 36. Rxf7+ Kg8 37. Rxf8+ Nxf8 38. Rf5 
1-0

[Event "Wednesday Jan 31 Engine Tour 9 Rd Swiss 12m+1s Starts at 1600hrs ST"]
[Site "Infinity Chess"]
[Date "2018.1.31"]
[Round "1"]
[White "SkyPilot"]
[Black "Cepri"]
[Result "1/2-1/2"]
[ECO "C55"]
[WhiteElo "2522"]
[BlackElo "2419"]
[WhiteEngine "stockfish_x64_bmi2_2018_01_23_CTG"]
[BlackEngine "asmFishW_07N17_CTG"]
[EventType "Swiss"]
[WhiteTeam ""]
[BlackTeam ""]
[PlyCount "149"]
[TimeControl "720+1"]

1. e4 e5 2. Nf3 Nc6 3. Bc4 Nf6 4. d3 Bc5 5. c3 d6 6. O-O a5 7. Re1 O-O 
8. Nbd2 Be6 9. Bb5 Ne7 10. d4 Ba7 11. Nf1 exd4 12. Nxd4 Ng6 13. Ba4 h6 
14. Be3 Bc8 15. Ng3 Ng4 16. Ngf5 Bxf5 17. Nxf5 Nxe3 18. Nxe3 Qf6 19. Bc2 c6 
20. g3 Ne5 21. Kg2 Bxe3 22. Rxe3 g5 23. h3 Qg6 24. Qf1 Kh8 25. Re2 Rg8 
26. Rd2 Rae8 27. f4 gxf4 28. Qxf4 Rg7 29. Kh2 Reg8 30. Rg1 Qg5 31. Rf2 Rg6 
32. Bb3 R8g7 33. a4 Qxf4 34. Rxf4 Kg8 35. Bd1 Nd3 36. Rf3 Ne5 37. Rf5 Rg5 
38. Rxg5 Rxg5 39. h4 Rg7 40. b4 b6 41. Be2 Kf8 42. Kg2 Rg8 43. Rb1 Ke7 
44. bxa5 bxa5 45. Rb7+ Ke6 46. Kf2 Ra8 47. Ke3 Rg8 48. Kf2 Ra8 49. c4 Rf8 
50. Ke3 Rg8 51. Kf4 Ra8 52. Rb6 Kf6 53. Rb7 Rg8 54. Rb6 Rh8 55. Ke3 Rg8 
56. Kf4 Ra8 57. g4 Ke6 58. Rb7 Kf6 59. Kg3 c5 60. h5 Ke6 61. Kf4 Rg8 62. Kg3 Kf6 
63. Kf4 Ke6 64. Kg3 Ra8 65. Kf4 Rd8 66. Ke3 Kf6 67. Kf4 Rg8 68. Ra7 Rb8 
69. Rxa5 Rb2 70. Ra6 Ke6 71. Ke3 Rb3+ 72. Kd2 Rb2+ 73. Ke3 Rb3+ 74. Kd2 Rb2+ 
75. Ke3 1/2-1/2

[Event "Wednesday Night Engine Tour 13 Rd Swiss 3m+1s Starts at 2200hrs ST"]
[Site "Infinity Chess"]
[Date "2018.1.11"]
[Round "13"]
[White "koalachess"]
[Black "KULLANI"]
[Result "1/2-1/2"]
[ECO "C53"]
[WhiteElo "2304"]
[BlackElo "2491"]
[WhiteEngine "asmFishW_2017-11-19_popcnt_CTG"]
[BlackEngine "BrainFish_180106_x64_CTG"]
[EventType "Swiss"]
[WhiteTeam ""]
[BlackTeam ""]
[PlyCount "107"]
[TimeControl "180+1"]

1. e4 e5 2. Nf3 Nc6 3. Bc4 Bc5 4. c3 Nf6 5. d4 exd4 6. cxd4 Bb4+ 7. Bd2 Bxd2+ 
8. Nbxd2 d5 9. exd5 Nxd5 10. O-O O-O 11. Rc1 Re8 12. Re1 Rxe1+ 13. Qxe1 Nce7 
14. Ne4 c6 15. g3 Bf5 16. Qe2 b6 17. Nh4 h6 18. Bxd5 cxd5 19. Nc3 Be6 
20. Ng2 Nf5 21. Rd1 Rc8 22. Nf4 Qd7 23. a3 Rc4 24. Qe5 Qd6 25. Qxd6 Nxd6 
26. Nfxd5 Bxd5 27. Nxd5 Nf5 28. Kg2 Kf8 29. g4 Rxd4 30. Rxd4 Nxd4 31. Kg3 Nb5 
32. Kf4 Nd6 33. b3 f6 34. Ke3 Ke8 35. a4 Kd7 36. Kd4 f5 37. gxf5 Nxf5+ 
38. Ke4 Nh4 39. Ne3 Ke6 40. b4 g6 41. a5 bxa5 42. bxa5 g5 43. f4 gxf4 
44. Kxf4 Ng6+ 45. Kg4 Ne5+ 46. Kh5 Nf3 47. h3 Ng1 48. h4 Nf3 49. Ng2 Kd6 
50. Kxh6 Nxh4 51. Nxh4 Kc5 52. Kg5 Kd5 53. Kf4 Kc5 54. a6 1/2-1/2

[Event "Wednesday Night Engine Tour 13 Rd Swiss 3m+1s Starts at 2200hrs ST"]
[Site "Infinity Chess"]
[Date "2018.1.11"]
[Round "13"]
[White "Cepri"]
[Black "Dovahkiin"]
[Result "1/2-1/2"]
[ECO "B90"]
[WhiteElo "2490"]
[BlackElo "2454"]
[WhiteEngine "Raubfisch X37b_CTG"]
[BlackEngine "BrainFish_180106_x64_modern_CTG"]
[EventType "Swiss"]
[WhiteTeam ""]
[BlackTeam ""]
[PlyCount "106"]
[TimeControl "180+1"]

1. e4 c5 2. Nf3 d6 3. d4 cxd4 4. Nxd4 Nf6 5. Nc3 a6 6. Be3 e5 7. Nb3 Be6 
8. Be2 Be7 9. Qd3 Nc6 10. a3 O-O 11. O-O d5 12. exd5 Nxd5 13. Nxd5 Qxd5 
14. Qxd5 Bxd5 15. Rfd1 Be4 16. Rd2 Rad8 17. Rad1 Rxd2 18. Rxd2 Rd8 
19. Rxd8+ Nxd8 20. c3 b5 21. c4 Bc6 22. Nc5 Bxc5 23. Bxc5 Ne6 24. Bb4 f6 
25. f3 Kf7 26. Kf2 f5 27. cxb5 axb5 28. Bc3 Kf6 29. Bd3 h6 30. b3 Nc5 31. Bc2 f4 
32. Bb4 Na6 33. Bc3 Nc5 34. g3 g5 35. Bb4 Ne6 36. a4 bxa4 37. bxa4 Nd4 
38. Bd1 Ke6 39. a5 Bb5 40. Bf8 Kf6 41. gxf4 exf4 42. Bxh6 Nc6 43. h4 gxh4 
44. Bxf4 Nxa5 45. Kg2 Nc4 46. Kh3 Nb2 47. Bc2 Bd3 48. Bb3 Kf5 49. Bc1 Bc4 
50. Bxc4 Nxc4 51. Kxh4 Nd6 52. Kg3 Nc4 53. Bf4 Nb2 1/2-1/2

[Event "Wednesday Night Engine Tour 13 Rd Swiss 3m+1s Starts at 2200hrs ST"]
[Site "Infinity Chess"]
[Date "2018.1.11"]
[Round "13"]
[White "MGR"]
[Black "Vimtiroba"]
[Result "1/2-1/2"]
[ECO "C50"]
[WhiteElo "2481"]
[BlackElo "2499"]
[WhiteEngine "asmFishW_2017-11-19_bmi2"]
[BlackEngine "Asmfish@ Seahorse_CTG"]
[EventType "Swiss"]
[WhiteTeam ""]
[BlackTeam ""]
[PlyCount "97"]
[TimeControl "180+1"]

1. e4 e5 2. Nf3 Nc6 3. Bc4 Bc5 4. O-O Nf6 5. d3 d6 6. c3 O-O 7. Bg5 h6 8. Bh4 a5 
9. a4 g5 10. Bg3 Kg7 11. Na3 Ne7 12. Nc2 Bb6 13. Ne3 Ng6 14. Bb3 Bxe3 
15. fxe3 Nh5 16. Nd2 Nxg3 17. hxg3 g4 18. Kf2 b6 19. Qc2 Ba6 20. Bd5 Rc8 
21. b4 c6 22. Bc4 Bxc4 23. Nxc4 h5 24. bxa5 bxa5 25. Ke2 d5 26. Nd2 Qe7 
27. Rad1 Rb8 28. d4 Qa3 29. Rb1 Rxb1 30. Rxb1 Re8 31. Rb7 Qd6 32. Qd3 exd4 
33. Qxd4+ Kg8 34. Kd1 Re7 35. Rxe7 Nxe7 36. exd5 Nf5 37. Qe4 Qxd5 38. Qe8+ Kg7 
39. e4 Ne3+ 40. Ke2 Qc5 41. Nb3 Qxc3 42. Qd8 Qxb3 43. Qg5+ Kh8 44. Qxh5+ Kg7 
45. Qg5+ Kh8 46. Qh5+ Kg7 47. Qg5+ Kh8 48. Qh4+ Kg7 49. Qg5+ 1/2-1/2

[Event "Wednesday Night Engine Tour 13 Rd Swiss 3m+1s Starts at 2200hrs ST"]
[Site "Infinity Chess"]
[Date "2018.1.11"]
[Round "13"]
[White "KRAKEN"]
[Black "incredible"]
[Result "1-0"]
[ECO "A13"]
[WhiteElo "2566"]
[BlackElo "2468"]
[WhiteEngine "Raubfisch ME262_GTZ16b2_CTG"]
[BlackEngine "stockfish_18010422_x64_bmi2"]
[EventType "Swiss"]
[WhiteTeam ""]
[BlackTeam ""]
[PlyCount "173"]
[TimeControl "180+1"]

1. c4 e6 2. d4 d5 3. Nc3 Nf6 4. Nf3 Be7 5. Bf4 O-O 6. e3 c5 7. dxc5 Bxc5 
8. a3 dxc4 9. Qc2 Nd5 10. O-O-O Qa5 11. Nxd5 exd5 12. Ng5 g6 13. Rxd5 Bxe3+ 
14. fxe3 Qxd5 15. Bxc4 Qf5 16. Qc3 Nd7 17. Rf1 Qf6 18. Bd6 Qxc3+ 19. bxc3 Nb6 
20. Ba2 Be6 21. Nxe6 fxe6 22. Rxf8+ Rxf8 23. Bxe6+ Kg7 24. Bxf8+ Kxf8 
25. Kd2 Ke7 26. Bg8 Nd7 27. Kd3 Nf6 28. Bb3 Ng4 29. h3 Ne5+ 30. Kd4 Kd6 
31. Bg8 h6 32. Bd5 b6 33. h4 Nd7 34. Be4 Ne5 35. Bd3 Nc6+ 36. Ke4 Ne5 
37. Bb5 Ng4 38. Kf4 Nf6 39. Bd3 Nd5+ 40. Ke4 Ne7 41. g3 Nc6 42. Be2 Ke6 
43. Bc4+ Kf6 44. Bb5 Na5 45. Kd5 Nb7 46. Bd3 Nd8 47. Kd6 Nf7+ 48. Kc7 Ne5 
49. Bb5 Ke6 50. Kb7 Kd6 51. Kxa7 Kc7 52. e4 g5 53. hxg5 hxg5 54. Ka6 Ng4 
55. Bc4 Kc6 56. a4 Ne5 57. Bd5+ Kc5 58. Kb7 Ng6 59. Bf7 Ne5 60. Be8 Nc4 
61. Kc7 Nd6 62. Bc6 Nf7 63. Bb5 Ne5 64. Be2 g4 65. Bb5 Ng6 66. Bd3 Ne5 
67. Be2 Nc6 68. Kd7 Ne5+ 69. Ke6 Nf3 70. e5 Ng5+ 71. Kf5 Nf7 72. Kf6 Nd8 
73. e6 Nb7 74. e7 Nd6 75. Ke6 Kc6 76. Bb5+ Kc5 77. Ke5 Nf7+ 78. Kf6 Nd6 
79. Ke6 Nxb5 80. axb5 Kxb5 81. Kd5 Ka4 82. Kd4 b5 83. e8=Q Ka3 84. Qxb5 Ka2 
85. Kd3 Ka1 86. Kc2 Ka2 87. Qb2# 1-0

[Event "Wednesday Night Engine Tour 13 Rd Swiss 3m+1s Starts at 2200hrs ST"]
[Site "Infinity Chess"]
[Date "2018.1.11"]
[Round "13"]
[White "ocirema"]
[Black "MarioDeMonti"]
[Result "1/2-1/2"]
[ECO "C55"]
[WhiteElo "2520"]
[BlackElo "2487"]
[WhiteEngine "stockfish_18010422_x64_modern_CTG"]
[BlackEngine "stockfish_x64_bmi2_2017_12_26_CTG"]
[EventType "Swiss"]
[WhiteTeam ""]
[BlackTeam ""]
[PlyCount "150"]
[TimeControl "180+1"]

1. e4 e5 2. Nf3 Nc6 3. Bc4 Nf6 4. d3 Bc5 5. O-O d6 6. c3 O-O 7. h3 a5 
8. Nbd2 Be6 9. Bb5 h6 10. Re1 Qb8 11. Nf1 Qa7 12. Re2 a4 13. Ng3 Qa5 
14. Bxc6 bxc6 15. Nh4 Rfe8 16. Re1 d5 17. exd5 cxd5 18. Rxe5 Bf8 19. Qc2 c5 
20. Bd2 Nd7 21. Re3 Rab8 22. Rae1 c4 23. d4 a3 24. bxa3 Nf6 25. Bc1 Rb6 
26. R3e2 Reb8 27. Ng6 Bd6 28. Ne5 Bxa3 29. f4 Bd6 30. f5 Bc8 31. Qd2 Rb1 
32. Qe3 Qc7 33. Qf3 Ra1 34. Bf4 Rbb1 35. Rxb1 Rxb1+ 36. Kf2 Rb6 37. Re1 Ra6 
38. Kg1 Rxa2 39. Nh5 Nxh5 40. Qxh5 Ra6 41. Nxf7 Qxf7 42. Re8+ Bf8 43. Qxf7+ Kxf7 
44. Rxc8 Be7 45. Be5 Ra1+ 46. Kf2 Ra2+ 47. Kg1 Ra1+ 48. Kh2 Ra3 49. Kg3 h5 
50. Kf2 Rxc3 51. Rc7 Rc2+ 52. Kf3 Rc3+ 53. Ke2 Ke8 54. Bxg7 Rc2+ 55. Kd1 Rf2 
56. g4 hxg4 57. hxg4 Rf4 58. Be5 Rxg4 59. Kd2 Rg1 60. Rc8+ Kf7 61. Ke2 Rg2+ 
62. Ke3 Bb4 63. Rc7+ Ke8 64. f6 Bd2+ 65. Kf3 Rg6 66. Rh7 Bg5 67. Re7+ Kf8 
68. Re6 Kf7 69. Re7+ Kf8 70. Rd7 Bxf6 71. Rxd5 c3 72. Bxf6 Rxf6+ 73. Ke2 c2 
74. Kd2 Rf2+ 75. Kc1 Ke7 1/2-1/2

[Event "Wednesday Night Engine Tour 13 Rd Swiss 3m+1s Starts at 2200hrs ST"]
[Site "Infinity Chess"]
[Date "2018.1.11"]
[Round "13"]
[White "SkyPilot"]
[Black "MiKachomiKa QueeN"]
[Result "1/2-1/2"]
[ECO "C53"]
[WhiteElo "2565"]
[BlackElo "2473"]
[WhiteEngine "stockfish_x64_bmi2_2018_01_01_CTG"]
[BlackEngine "Raubfisch X37b1_CTG"]
[EventType "Swiss"]
[WhiteTeam ""]
[BlackTeam ""]
[PlyCount "125"]
[TimeControl "180+1"]

1. e4 e5 2. Nf3 Nc6 3. Bc4 Bc5 4. c3 Nf6 5. d3 d6 6. O-O O-O 7. h3 h6 8. Re1 a5 
9. Nbd2 Be6 10. Bb5 Qb8 11. Nf1 Qa7 12. Re2 a4 13. Ng3 Bb6 14. d4 exd4 
15. Bxc6 bxc6 16. Nxd4 Rae8 17. Qd3 Qa8 18. Bf4 c5 19. Nxe6 Rxe6 20. Rae1 Rfe8 
21. Kh2 d5 22. exd5 Qxd5 23. Qxd5 Nxd5 24. Rxe6 fxe6 25. Bc1 c4 26. Ne4 a3 
27. bxa3 Ba5 28. Re2 Kf7 29. Rc2 Ra8 30. g3 Bb6 31. Kg2 Ra5 32. Re2 Bc5 
33. Nd2 Ra4 34. Re4 Nb6 35. Rf4+ Ke7 36. Rg4 Kf7 37. h4 Bxa3 38. Bxa3 Rxa3 
39. Nxc4 Rxc3 40. Rf4+ Ke7 41. Nxb6 cxb6 42. Ra4 h5 43. Ra7+ Kf6 44. Rb7 Rc6 
45. Kf3 Rc2 46. a3 Ra2 47. Rxb6 Rxa3+ 48. Kf4 Ra4+ 49. Ke3 Ra3+ 50. Ke4 Ra5 
51. f3 Ra4+ 52. Kd3 Ra3+ 53. Ke4 g6 54. Rb5 Ra4+ 55. Kd3 e5 56. Ke3 Ra3+ 
57. Kf2 Kf5 58. f4 Ra2+ 59. Ke1 Ra1+ 60. Kd2 Ra2+ 61. Ke1 Ra1+ 62. Kd2 Ra2+ 
63. Ke1 1/2-1/2

[Event "Wednesday Night Engine Tour 13 Rd Swiss 3m+1s Starts at 2200hrs ST"]
[Site "Infinity Chess"]
[Date "2018.1.11"]
[Round "13"]
[White "RonWeasley"]
[Black "BlitzMaster"]
[Result "1/2-1/2"]
[ECO "A00"]
[WhiteElo "2494"]
[BlackElo "2574"]
[WhiteEngine "BrainFish 060118_CTG"]
[BlackEngine "stockfish_18010422_x64_modern_CTG"]
[EventType "Swiss"]
[WhiteTeam ""]
[BlackTeam ""]
[PlyCount "116"]
[TimeControl "180+1"]

1. a3 c5 2. e3 Nc6 3. d4 cxd4 4. exd4 d5 5. Be3 Nf6 6. Nf3 Bf5 7. Bd3 Bxd3 
8. Qxd3 e6 9. Nbd2 h6 10. Bf4 g5 11. Bg3 Qb6 12. c3 Nh5 13. O-O Bg7 14. Kh1 O-O 
15. h3 f5 16. Bh2 Nf6 17. a4 a6 18. b4 Ne4 19. Nb3 Rae8 20. Rab1 Rf7 21. Kg1 Qd8 
22. Rbd1 h5 23. Nfd2 g4 24. f3 g3 25. fxe4 gxh2+ 26. Kxh2 dxe4 27. Qe2 Ne7 
28. Nxe4 fxe4 29. Rxf7 Kxf7 30. Qxh5+ Kg8 31. Nc5 Rf8 32. Nxe4 Qc7+ 33. g3 Nd5 
34. Qg6 Qf7 35. Qxf7+ Rxf7 36. h4 Rf3 37. Re1 e5 38. Ng5 Re3 39. Rxe3 Nxe3 
40. d5 Nxd5 41. Ne4 Nf6 42. Nc5 e4 43. Nxb7 Ng4+ 44. Kg2 Ne3+ 45. Kf2 Nd1+ 
46. Kf1 Nxc3 47. Nc5 e3 48. Nd3 Nxa4 49. Ke2 Bd4 50. Nf4 Nc3+ 51. Kd3 e2 
52. Nxe2 Nxe2 53. Kxe2 Bc3 54. g4 Kf7 55. Kd3 Bxb4 56. h5 Kf6 57. Kc4 a5 
58. h6 Kg6 1/2-1/2

[Event "Wednesday Night Engine Tour 13 Rd Swiss 3m+1s Starts at 2200hrs ST"]
[Site "Infinity Chess"]
[Date "2018.1.11"]
[Round "13"]
[White "CrossingJordan"]
[Black "Victorious"]
[Result "1/2-1/2 "]
[ECO "C50"]
[WhiteElo "2512"]
[BlackElo "2577"]
[WhiteEngine "asmFishW_2017-12-20_bmi2_CTG"]
[BlackEngine "Houdini 6"]
[EventType "Swiss"]
[WhiteTeam ""]
[BlackTeam ""]
[PlyCount "200"]
[TimeControl "180+1"]

1. e4 e5 2. Nf3 Nc6 3. Bc4 Bc5 4. O-O Nf6 5. d3 d6 6. c3 O-O 7. Re1 a5 
8. Nbd2 Be6 9. Bb5 Ne7 10. d4 Ba7 11. Nf1 exd4 12. Nxd4 Ng6 13. Ba4 c6 
14. Bc2 Bd7 15. Ng3 Re8 16. f4 a4 17. h3 Nh4 18. Be3 Qc8 19. Kh2 c5 
20. Nf3 Nxf3+ 21. Qxf3 Bc6 22. b4 axb3 23. axb3 Bb6 24. Rxa8 Qxa8 25. c4 g6 
26. f5 Nd7 27. Bf4 Ne5 28. Qf2 Qd8 29. Nf1 Ba5 30. Rd1 Bc3 31. Qg3 Qf6 
32. Ne3 Bd4 33. fxg6 fxg6 34. Nf5 Nf7 35. Nxd4 cxd4 36. Re1 g5 37. Bc1 Qe5 
38. b4 h6 39. Bb2 h5 40. h4 Nh6 41. Qxe5 Ng4+ 42. Kg1 dxe5 43. hxg5 Ra8 
44. b5 Bd7 45. Ra1 Rc8 46. Rc1 Kg7 47. Bd3 Ra8 48. Ra1 Rxa1+ 49. Bxa1 Kg6 
50. Bb2 h4 51. Bc1 Ne3 52. c5 Nd1 53. b6 Bc6 54. Bc2 Nc3 55. Kf2 Na4 
56. Bxa4 Bxa4 57. Ke2 Bc6 58. Kf3 Bb5 59. Kg4 Bc6 60. Kxh4 Bxe4 61. g4 Bd5 
62. Kg3 Bc6 63. Bd2 Kf7 64. Kh4 Bd5 65. Bc1 Kg6 66. Bd2 e4 67. Bc1 e3 
68. Kg3 Kxg5 69. Bb2 e2 70. Bc1+ Kg6 71. Bd2 d3 72. Kf2 Bc6 73. Ke3 Bb5 
74. Kd4 Ba6 75. Ke5 Kf7 76. Kf5 Bb5 77. g5 Ba6 78. g6+ Kg8 79. Kf6 Bb5 
80. Bc3 Bc6 81. Kg5 Kf8 82. Kf4 Kg8 83. Ke3 Bb5 84. Kf4 Ba4 85. Kg5 Bc6 
86. Bb4 Be4 87. Bd2 Bc6 88. Kf5 Kg7 89. Bc3+ Kg8 90. Ke6 Be8 91. Kf5 Bd7+ 
92. Kf4 Ba4 93. Ke3 Bb5 94. Ke4 Kf8 95. Kf4 Ba4 96. Bd2 Kg7 97. Kg5 Kg8 
98. Be1 Be8 99. Bc3 Ba4 100. Kf4 Bc6 1/2-1/2

[Event "Wednesday Night Engine Tour 13 Rd Swiss 3m+1s Starts at 2200hrs ST"]
[Site "Infinity Chess"]
[Date "2018.1.11"]
[Round "13"]
[White "KillBill2017"]
[Black "xeonrocks"]
[Result "1/2-1/2"]
[ECO "C65"]
[WhiteElo "2468"]
[BlackElo "2610"]
[WhiteEngine "Raubfisch X37b1._CTG"]
[BlackEngine "asmFishW_CTG"]
[EventType "Swiss"]
[WhiteTeam ""]
[BlackTeam ""]
[PlyCount "94"]
[TimeControl "180+1"]

1. e4 e5 2. Nf3 Nc6 3. Bb5 Nf6 4. O-O Nxe4 5. d4 Nd6 6. Bxc6 dxc6 7. dxe5 Nf5 
8. Qxd8+ Kxd8 9. Nc3 Bd7 10. Rd1 Kc8 11. Ng5 Be8 12. b3 a5 13. Nge4 b6 
14. Bb2 Be7 15. Rd3 Bd7 16. a4 Be6 17. Ne2 g5 18. h3 h5 19. Nd6+ Kb8 20. g4 hxg4 
21. hxg4 Nh4 22. Nd4 cxd6 23. Nxe6 d5 24. Ng7 Kb7 25. e6 Rh7 26. c4 Bf8 
27. cxd5 cxd5 28. Nh5 fxe6 29. Re1 Rc8 30. Rxe6 Rc2 31. Bd4 Bc5 32. Bxc5 Rxc5 
33. Rd1 Rf7 34. Nf6 Rc6 35. Rxc6 Kxc6 36. Nxd5 Rd7 37. Ne3 Rxd1+ 38. Nxd1 Nf3+ 
39. Kg2 Nd2 40. Kg3 b5 41. axb5+ Kxb5 42. Nb2 Nxb3 43. f4 a4 44. Nxa4 gxf4+ 
45. Kxf4 Kxa4 46. g5 Nd4 47. Ke5 Nf3+ 1/2-1/2

[Event "Wednesday Night Engine Tour 13 Rd Swiss 3m+1s Starts at 2200hrs ST"]
[Site "Infinity Chess"]
[Date "2018.1.11"]
[Round "12"]
[White "MiKachomiKa QueeN"]
[Black "incredible"]
[Result "1/2-1/2"]
[ECO "B13"]
[WhiteElo "2473"]
[BlackElo "2468"]
[WhiteEngine "Raubfisch X37b1_CTG"]
[BlackEngine "stockfish_18010422_x64_bmi2"]
[EventType "Swiss"]
[WhiteTeam ""]
[BlackTeam ""]
[PlyCount "82"]
[TimeControl "180+1"]

1. e4 c6 2. d4 d5 3. exd5 cxd5 4. Bd3 Nf6 5. c3 Nc6 6. Nf3 Bg4 7. h3 Bh5 
8. Bf4 e6 9. Nbd2 Bd6 10. Bxd6 Qxd6 11. O-O O-O 12. Qb1 Rac8 13. Re1 Qf4 
14. g3 Qc7 15. Kg2 Rfe8 16. Ne5 Re7 17. a3 Ree8 18. Nb3 Bg6 19. Bxg6 hxg6 
20. Nd3 Ne4 21. Qd1 Qb6 22. a4 g5 23. h4 gxh4 24. Rh1 g6 25. Rxh4 Kg7 26. a5 Qb5 
27. Nbc5 Rh8 28. Nxe4 dxe4 29. Rxe4 Rh6 30. Nc5 Qxb2 31. Re2 Qb5 32. Rb1 Qc4 
33. Rxb7 Qd5+ 34. Re4 Qf5 35. Rh4 Rxh4 36. gxh4 Nxa5 37. Rxa7 Nc6 38. Rd7 Nb8 
39. Ra7 Nc6 40. Rd7 Nb8 41. Ra7 Nc6 1/2-1/2

[Event "Wednesday Night Engine Tour 13 Rd Swiss 3m+1s Starts at 2200hrs ST"]
[Site "Infinity Chess"]
[Date "2018.1.11"]
[Round "12"]
[White "koalachess"]
[Black "MarioDeMonti"]
[Result "1/2-1/2"]
[ECO "C58"]
[WhiteElo "2296"]
[BlackElo "2495"]
[WhiteEngine "asmFishW_2017-11-19_popcnt_CTG"]
[BlackEngine "stockfish_x64_bmi2_2017_12_26_CTG"]
[EventType "Swiss"]
[WhiteTeam ""]
[BlackTeam ""]
[PlyCount "66"]
[TimeControl "180+1"]

1. e4 e5 2. Nf3 Nc6 3. Bc4 Nf6 4. Ng5 d5 5. exd5 Na5 6. Bb5+ c6 7. dxc6 bxc6 
8. Qf3 Rb8 9. Be2 Be7 10. Ne4 O-O 11. Nxf6+ Bxf6 12. Nc3 c5 13. O-O Bb7 
14. Qh3 Nc6 15. d3 Nd4 16. Bd1 Bg5 17. Bxg5 Qxg5 18. Re1 Rfe8 19. Qg3 Qh6 
20. Ne4 Bxe4 21. Rxe4 Rxb2 22. Rxe5 Rxe5 23. Qxe5 g6 24. Kf1 Qd2 25. Qxc5 Nxc2 
26. Bxc2 Rxc2 27. Qxa7 Rc1+ 28. Rxc1 Qxc1+ 29. Ke2 Qb2+ 30. Kd1 Qb1+ 
31. Ke2 Qb2+ 32. Kd1 Qb1+ 33. Ke2 Qb2+ 1/2-1/2

[Event "Wednesday Night Engine Tour 13 Rd Swiss 3m+1s Starts at 2200hrs ST"]
[Site "Infinity Chess"]
[Date "2018.1.11"]
[Round "12"]
[White "KULLANI"]
[Black "KRAKEN"]
[Result "0-1"]
[ECO "C50"]
[WhiteElo "2505"]
[BlackElo "2552"]
[WhiteEngine "BrainFish_180106_x64_CTG"]
[BlackEngine "Raubfisch ME262_GTZ16b2_CTG"]
[EventType "Swiss"]
[WhiteTeam ""]
[BlackTeam ""]
[PlyCount "204"]
[TimeControl "180+1"]

1. e4 e5 2. Nf3 Nc6 3. Bc4 Bc5 4. O-O Nf6 5. d3 d6 6. c3 a5 7. Re1 Ba7 
8. Nbd2 O-O 9. Nf1 Be6 10. Bb5 Ne7 11. h3 c6 12. Ba4 Ng6 13. Bc2 d5 
14. exd5 Nxd5 15. Ng3 Qb6 16. d4 exd4 17. Nxd4 Rae8 18. Rf1 Qc7 19. Nh5 Bb8 
20. f4 Bd7 21. Kh2 Rd8 22. Qf3 c5 23. Qxd5 Be8 24. Ne6 Rxd5 25. Nxc7 Bxc7 
26. g4 Bb5 27. Re1 Rd7 28. Kg3 b6 29. a4 Bd3 30. Bb3 Bd8 31. g5 Bc7 32. Be3 Ne7 
33. Kf3 Rfd8 34. Rad1 c4 35. Rxd3 cxd3 36. Ng3 h6 37. gxh6 gxh6 38. Rd1 Kf8 
39. Bd2 Ng6 40. Nf5 Re8 41. Nd4 Nh4+ 42. Kg3 Bd8 43. Bc4 Rd6 44. Bxd3 Bf6 
45. f5 Kg7 46. Bb5 Rc8 47. Be3 Kh8 48. Be2 Rd5 49. Bf3 Rg8+ 50. Kf2 Nxf3 
51. Kxf3 Kh7 52. Rd3 Re8 53. Kg3 h5 54. b3 Ree5 55. Kf2 Rxf5+ 56. Ke2 Bxd4 
57. Bxd4 Rd6 58. h4 f6 59. Rh3 Rf4 60. Bf2 Kg6 61. Re3 Rg4 62. Bg3 Rd5 
63. c4 Rd7 64. Bf2 Kf7 65. Rc3 Re4+ 66. Kf3 Re6 67. Kf4 Rd1 68. Kg3 Red6 
69. Kf4 R6d3 70. Rxd3 Rxd3 71. Bxb6 Rxb3 72. Bxa5 Ra3 73. Kf5 Rxa4 74. Bc3 Ra3 
75. Be1 Ra1 76. Bc3 Rh1 77. c5 Rxh4 78. Bxf6 Rc4 79. Bg5 h4 80. Bf4 h3 
81. Bd6 Rc2 82. Bb8 h2 83. Bxh2 Rxh2 84. Ke5 Ke7 85. c6 Rh5+ 86. Kd4 Kd6 
87. c7 Kxc7 88. Kc4 Re5 89. Kd3 Kc6 90. Kd4 Re8 91. Kc4 Re4+ 92. Kd3 Kd5 
93. Kc3 Rd4 94. Kb3 Rc4 95. Kb2 Kc6 96. Ka3 Kc5 97. Kb3 Kb5 98. Ka2 Kb4 
99. Kb2 Rc8 100. Ka2 Kc3 101. Ka1 Kc2 102. Ka2 Ra8# 0-1

[Event "Wednesday Night Engine Tour 13 Rd Swiss 3m+1s Starts at 2200hrs ST"]
[Site "Infinity Chess"]
[Date "2018.1.11"]
[Round "12"]
[White "KillBill2017"]
[Black "ocirema"]
[Result "0-1"]
[ECO "C77"]
[WhiteElo "2483"]
[BlackElo "2505"]
[WhiteEngine "Raubfisch X37b1._CTG"]
[BlackEngine "stockfish_18010422_x64_modern_CTG"]
[EventType "Swiss"]
[WhiteTeam ""]
[BlackTeam ""]
[PlyCount "118"]
[TimeControl "180+1"]

1. e4 e5 2. Nf3 Nc6 3. Bb5 a6 4. Ba4 Nf6 5. O-O Be7 6. Re1 b5 7. Bb3 O-O 
8. a4 b4 9. a5 d6 10. d3 Be6 11. Nbd2 Bxb3 12. Nxb3 Re8 13. Be3 Qc8 14. Nh4 Qg4 
15. Nf5 Qxd1 16. Raxd1 Bf8 17. f3 g6 18. Bg5 gxf5 19. Bxf6 Re6 20. Bg5 fxe4 
21. fxe4 Bh6 22. Bxh6 Rxh6 23. Rd2 Nd4 24. Nxd4 exd4 25. Rf2 Rh5 26. Rf5 Rxf5 
27. exf5 Kf8 28. b3 Rb8 29. f6 Re8 30. Rxe8+ Kxe8 31. Kf2 Kd7 32. Kf3 Ke6 
33. Ke4 c5 34. g4 d5+ 35. Kf4 Kxf6 36. g5+ Kg6 37. Ke5 Kxg5 38. Kd6 f5 
39. Kxc5 f4 40. Kxd4 Kh4 41. Kxd5 f3 42. d4 f2 43. Kc5 f1=Q 44. Kxb4 Qd1 
45. Kc3 Kh3 46. b4 Kxh2 47. b5 axb5 48. a6 b4+ 49. Kb3 Qxd4 50. a7 Qxa7 
51. Kxb4 h5 52. Kc4 h4 53. Kb3 Kg3 54. c3 h3 55. c4 h2 56. c5 Qxc5 57. Ka2 h1=Q 
58. Kb3 Qb1+ 59. Ka4 Qbb4# 0-1

[Event "Wednesday Night Engine Tour 13 Rd Swiss 3m+1s Starts at 2200hrs ST"]
[Site "Infinity Chess"]
[Date "2018.1.11"]
[Round "12"]
[White "Dovahkiin"]
[Black "CrossingJordan"]
[Result "1/2-1/2"]
[ECO "D30"]
[WhiteElo "2451"]
[BlackElo "2515"]
[WhiteEngine "BrainFish_180106_x64_modern_CTG"]
[BlackEngine "asmFishW_2017-12-20_bmi2_CTG"]
[EventType "Swiss"]
[WhiteTeam ""]
[BlackTeam ""]
[PlyCount "97"]
[TimeControl "180+1"]

1. d4 d5 2. c4 e6 3. Nf3 Nf6 4. e3 c5 5. Nc3 Nc6 6. a3 dxc4 7. Bxc4 a6 8. O-O b5 
9. Bd3 cxd4 10. exd4 Be7 11. a4 b4 12. Ne4 O-O 13. Be3 Bb7 14. Rc1 Nxe4 
15. Bxe4 Na5 16. Bxb7 Nxb7 17. Ne5 Qd5 18. Nc4 Rad8 19. Nb6 Qd6 20. Nc4 Qd5 
21. Nb6 Qd6 22. d5 exd5 23. Qf3 Qe6 24. Rfe1 Bf6 25. Bc5 Nxc5 26. Rxe6 fxe6 
27. Qg4 h5 28. Qd1 Ne4 29. Rc6 Bxb2 30. f3 Nd6 31. a5 Nf5 32. Rxe6 Bd4+ 
33. Kh1 h4 34. Qd3 Rde8 35. g4 Rxe6 36. gxf5 Re1+ 37. Kg2 b3 38. Qxb3 h3+ 
39. Kxh3 Rxf5 40. Nxd5 Kh8 41. Kg4 Rfe5 42. Nf4 Rg1+ 43. Kh3 Rf5 44. Qb7 Rf6 
45. Qc8+ Kh7 46. Qc2+ Kh8 47. Qc8+ Kh7 48. Qc2+ Kh8 49. Qc8+ 1/2-1/2